cohdb
Replays
Latest Replays
All Replays
Popular Replays
Top Player Replays
Match Explorer
How It Works
Community
CoH3 Stats
Reddit
Sign in to upload your games and track your stats! →
Sign in with Steam
Match 43720234
Unlisted
Match 43720234
Overview
Messages
Build Orders
End
Construct Infanterie Kompanie
Grenadier Squad
Grenadier Squad
Selects Mechanized Battlegroup
MG 42 Machine Gun Team
MG 42 Bunker
Construct Luftwaffe Kompanie
Jäger Squad
Jäger Squad
Pioneer Squad
GrW 34 Mortar Team
Selects Raid Package
Construct Panzer Kompanie
Selects StuG Assault Group
Selects UNKNOWN (2160084)
Panther Heavy Tank
Selects Spotting Scopes
MajorVega
Larry
Victor
hogarthw
winter
亚洲力量弹簧勾八
老番茄
塔寨村长林宗辉
0
0
Comments
sign in to comment!
No comments posted yet!